 Dungeon Crawl Stone Soup version 0.31-a0-167-g1c394c0614 (webtiles) character file.

Game seed: 14302076164401650760

152 dohliylev the Chopper (level 5, -2/70 HPs)
             Began as a Minotaur Berserker on June 14, 2023.
             Was a Priest of Trog.
             Slain by a gnoll
             ... wielding a +0 spear
              (4 damage)
             ... on level 3 of the Dungeon.
             The game lasted 00:02:31 (1996 turns).

dohliylev the Chopper (Minotaur Berserker)          Turns: 1996, Time: 00:02:32

Health: -2/70      AC:  2    Str: 23    XL:     5   Next: 11%
Magic:  4/4        EV: 12    Int:  4    God:    Trog [***...]
Gold:   114        SH:  0    Dex: 10    Spells: 4/4 levels left

rFire   . . .        a - +0 hand axe
rCold   . . .        (no shield)
rNeg    . . .        b - +0 animal skin
rPois   .            (helmet restricted)
rElec   .            (no cloak)
rCorr   .            (no gloves)
SInv    .            (no boots)
Will    .....        (no amulet) Stlth
                     (no ring)
HPRegen 0.31/turn    (no ring)
MPRegen 0.09/turn

%: no passive effects
@: berserking, lethally poisoned (-2 -> -22), very quick
A: horns 2, retaliatory headbutt
a: Renounce Religion, Berserk, Trog's Hand


You were on level 3 of the Dungeon.
You worshipped Trog.
Trog was most pleased with you.
You visited 1 branch of the dungeon, and saw 3 of its levels.

You collected 114 gold pieces.

Inventory:

Hand Weapons
 a - a +0 hand axe (weapon)
Missiles
 i - a throwing net
Armour
 b - a +0 animal skin (worn)
Jewellery
 l - an amulet of magic regeneration
Scrolls
 d - a scroll of poison {unknown}
 e - 2 scrolls of noise {unknown}
 j - a scroll of identify {unknown}
 k - a scroll of acquirement {unknown}
Potions
 c - a potion of attraction {unknown}
 f - a potion of ambrosia {unknown}
 g - a potion of curing {unknown}
 h - 2 potions of might {unknown}


   Skills:
 + Level 4.9 Fighting
 + Level 5.3 Axes
 + Level 2.9 Armour
 + Level 3.1 Dodging


You had 4 spell levels left.
You didn't know any spells.
Your spell library was empty.

Dungeon Overview and Level Annotations

Branches:
Dungeon (3/15)

Altars:
Nemelex Xobeh
Qazlal


Innate Abilities, Weirdness & Mutations

You have a pair of horns on your head.
You reflexively headbutt those who attack you in melee.


Message History

The gnoll is heavily wounded.
You hit the gnoll but do no damage.
The gnoll hits you with a +0 whip of venom.
You are poisoned.
The gnoll hits you with a +0 club!
You closely miss the gnoll. Your headbutt misses the gnoll.
The gnoll is heavily wounded.
You hit the gnoll but do no damage.
You feel very sick. The gnoll closely misses you.
The gnoll hits you but does no damage.
You hit the gnoll.
The gnoll is almost dead.
You barely miss the gnoll.
You feel sick.
The gnoll hits you with a +0 whip of venom!
You are more poisoned.
The gnoll barely misses you. The gnoll hits you with a +0 club.
You are too injured to fight recklessly!
You are too injured to fight recklessly!
You are too injured to fight recklessly!
The gnoll attacks as you move away! The gnoll barely misses you.
The gnoll attacks as you move away! The gnoll misses you.
You furiously retaliate!
You headbutt the gnoll!
You kill the gnoll!
Trog accepts your kill.
* * * LOW HITPOINT WARNING * * *
You feel very sick.
A red film seems to cover your vision as you go berserk!
You feel yourself moving faster!
You feel mighty!
* * * LOW HITPOINT WARNING * * *
You feel very sick.
The gnoll hits you with a +0 whip of venom.
* * * LOW HITPOINT WARNING * * *
You are lethally poisoned!
The gnoll hits you from afar with a +0 spear!
* * * LOW HITPOINT WARNING * * *
You closely miss the gnoll.
* * * LOW HITPOINT WARNING * * *
You feel very sick.
The gnoll hits you from afar with a +0 spear.
You die...

..# #.# # #.# #.
#.# #.#####.#
####.....#.#
......g)##.#######
# #g)......... ..
##@##.#######
...#._##.....#
#........###.#
...........#.#
##.###.)....#.####
# #.
####>.......######
# #..............
#.#.###########
...#.# #.....


You could see 2 gnolls.

Vanquished Creatures
  A scorpion (D:3)
  An adder (D:2)
  2 gnolls (D:3)
  2 worms (D:2)
  A dart slug (D:2)
  2 orcs (D:3)
  4 bats
  An endoplasm (D:1)
  4 giant cockroaches
  7 hobgoblins
  5 quokkas
  7 ball pythons
  5 frilled lizards
  5 goblins
  4 kobolds
  9 rats
60 creatures vanquished.

Notes
Turn   | Place    | Note
-------+----------+-------------------------------------------
     0 | D:1      | dohliylev the Minotaur Berserker began the quest for the
                  | Orb.
     0 | D:1      | Reached XP level 1. HP: 19/19 MP: 0/0
   421 | D:1      | Reached XP level 2. HP: 27/27 MP: 1/1
   441 | D:1      | Reached skill level 4 in Axes
   799 | D:1      | Reached ** piety under Trog
  1041 | D:2      | Reached XP level 3. HP: 30/33 MP: 2/2
  1323 | D:2      | Found a faded altar of an unknown god.
  1777 | D:3      | Found a sparkling altar of Nemelex Xobeh.
  1839 | D:3      | Reached XP level 4. HP: 37/41 MP: 3/3
  1903 | D:3      | Noticed a scorpion
  1909 | D:3      | Killed a scorpion
  1910 | D:3      | Reached skill level 5 in Axes
  1974 | D:3      | Found a stormy altar of Qazlal.
  1977 | D:3      | Reached *** piety under Trog
  1988 | D:3      | Reached XP level 5. HP: 47/47 MP: 4/4
  1996 | D:3      | HP: 2/70 [poisoned by a gnoll]
  1996 | D:3      | Slain by a gnoll

Illustrated notes

Levels and vault maps discovered:
D:1:      lemuel_arrival_river_bridge, layout_loops_corners, minmay_tall_x
D:2:      layout_rooms, dreamdust_ecumenical_altar_angels_and_demons,
          chequers_serial_rivers_marsh, minmay_ruptured
D:3:      layout_basic, overflow_temple_1_default, nemelex_spade_bored_becter,
          uniq_crazy_yiuf_cottage

Skill      XL: |  1  2  3  4 |
---------------+-------------+-----
Axes           | 4 5 |  5.3
Fighting       | 4 |  4.9
Dodging        | 3 |  3.1
Armour         | |  2.9

Action                     |  1- 3 |  4- 6 || total
---------------------------+-------+-------++-------
  Melee: Hand axe          |    96 |    18 ||   114
         Headbutt          |    14 |     3 ||    17
         Punch             |     1 |       ||     1
 Invoke: Berserk           |       |     1 ||     1
 Armour: Animal skin       |    19 |     2 ||    21
  Dodge: Dodged            |    67 |    15 ||    82

Table legend: (Time is in decaauts)
 A = Elapsed time spent in this place.
 B = Non-inter-level travel time spent in this place.
 C = Inter-level travel time spent in this place.
 D = Time resting spent in this place.
 E = Time spent auto-exploring this place.
 F = Levels seen in this place.
 G = Mean time per level.
                   A        B        C        D        E       F      G
               +--------+--------+--------+--------+--------+-----+--------+
         Total |   2010 |   1989 |     21 |      0 |   1651 |   3 |  670.0 |
       Dungeon |   2010 |   1989 |     21 |      0 |   1651 |   3 |  670.0 |
               +--------+--------+--------+--------+--------+-----+--------+

Top non-repeatable levels by time:
     D:1: 1022 daAuts
     D:2: 648 daAuts
     D:3: 339 daAuts
